 Dungeon Crawl Stone Soup version 0.25.0-1-g7eea58d2a3 (webtiles) character file.

Game seed: 12884445964376819123

24490 Delamore the Severer (level 13, -5/127 HPs)
             Began as a Hill Orc Monk on June 14, 2020.
             Was a High Priest of Okawaru.
             Slain by an orc knight
             ... wielding a +0 battleaxe
              (28 damage)
             ... on level 2 of the Orcish Mines.
             The game lasted 00:36:43 (25007 turns).

Delamore the Severer (Hill Orc Monk)               Turns: 25007, Time: 00:36:44

Health: -5/127     AC: 12    Str: 19    XL:     13   Next: 13%
Magic:  11/16      EV: 12    Int: 10    God:    Okawaru [*****.]
Gold:   1023       SH:  3    Dex: 13    Spells: 12/12 levels left

rFire    . . .     SeeInvis +   J - +0 war axe (drain)
rCold    . . .     Gourm    .   z - +0 buckler
rNeg     . . .     Faith    .   K - +3 steam dragon scales
rPois    +         Spirit   .   n - +0 helmet
rElec    .         Reflect  .   e - scarf {repulsion}
rCorr    .         Harm     .   G - +0 pair of gloves
MR       ++...                  (no boots)
Stlth    +++.......             (no amulet)
HPRegen  0.31/turn              t - ring "Fuagil" {MR++ SInv Stlth+}
MPRegen  0.15/turn              x - ring of poison resistance

@: finesse, repel missiles
A: no striking features
a: Heroism, Finesse, Renounce Religion


You were on level 2 of the Orcish Mines.
You worshipped Okawaru.
Okawaru was extremely pleased with you.
You were hungry.

You visited 3 branches of the dungeon, and saw 14 of its levels.
You also visited: Sewer.

You collected 1500 gold pieces.
You spent 477 gold pieces at shops.

Inventory:

Hand Weapons
 J - a +0 war axe of draining (weapon)
Missiles
 a - a throwing net
 s - 26 poisoned darts
 y - 8 boomerangs of dispersal (quivered)
 L - 5 curare-tipped darts
Armour
 e - a scarf of repulsion (worn)
 n - a +0 helmet (worn)
 z - a +0 buckler (worn)
 G - a +0 pair of gloves (worn)
 K - +3 steam dragon scales (worn)
Jewellery
 t - the ring "Fuagil" (left hand) {MR++ SInv Stlth+}
   (You bought it in a shop on level 7 of the Dungeon)

   [ring of see invisible]

   It affects your resistance to hostile enchantments.
   It lets you see invisible.
   It makes you more stealthy.
 u - an uncursed ring of resist corrosion
 x - a ring of poison resistance (right hand)
 C - a +6 ring of dexterity
Wands
 d - a wand of polymorph (10)
 i - a wand of iceblast (17)
 q - a wand of flame (2)
 M - a wand of random effects (24)
Scrolls
 f - 3 scrolls of magic mapping
 g - 7 scrolls of teleportation
 j - a scroll of enchant weapon
 l - 2 scrolls of amnesia
 r - 2 scrolls of random uselessness
 w - 4 scrolls of remove curse
 A - a scroll of fog
 B - 2 scrolls of blinking
 F - a scroll of noise
Potions
 h - 3 potions of flight
 m - 3 potions of might
 o - 4 potions of curing
 p - a potion of haste
 D - a potion of magic
 H - 4 potions of cancellation
 I - 4 potions of brilliance
Comestibles
 c - 19 rations


   Skills:
 - Level 15.4 Fighting
 - Level 17.7 Axes
 * Level 9.3 Armour
 - Level 2.4 Dodging
 - Level 1.5 Stealth
 + Level 4.3 Invocations
 + Level 3.1 Evocations


You had 12 spell levels left.
You didn't know any spells.
Your spell library contained the following spells:

 Spells                   Type           Power        Failure   Level  Hunger
 Apportation              Tloc           #.....       54%         1    ##.....
 Corona                   Hex            #......      54%         1    ##.....
 Foxfire                  Conj/Fire      #...         54%         1    ##.....
 Summon Butterflies       Summ           #.......     54%         1    ##.....
 Summon Small Mammal      Summ           #...         54%         1    ##.....
 Call Imp                 Summ           #.......     67%         2    ###....
 Slow                     Hex            #.......     67%         2    ###....
 Call Canine Familiar     Summ           #.......     88%         3    ####...
 Confusing Touch          Hex            #.......     88%         3    ####...
 Conjure Flame            Conj/Fire      #.......     88%         3    ####...
 Gell's Gravitas          Tloc           #.........   88%         3    ####...
 Inner Flame              Hex/Fire       #.......     88%         3    ####...
 Lesser Beckoning         Tloc           #.........   88%         3    ####...
 Portal Projectile        Hex/Tloc       #.....       88%         3    ####...
 Summon Guardian Golem    Hex/Summ       #.......     88%         3    ####...
 Tukima's Dance           Hex            #.......     88%         3    ####...
 Cause Fear               Hex            #.........   99%         4    #####..
 Leda's Liquefaction      Hex/Erth       #.........   99%         4    #####..
 Petrify                  Tmut/Erth      #.......     99%         4    #####..
 Sticky Flame             Conj/Fire      #.......     99%         4    #####..
 Summon Ice Beast         Ice/Summ       #.......     99%         4    #####..
 Summon Lightning Spire   Summ/Air       #.......     99%         4    #####..
 Alistair's Intoxication  Tmut/Pois      #.......     100%        5    ######.
 Fireball                 Conj/Fire      #.........   100%        5    ######.
 Irradiate                Conj/Tmut      #.........   100%        5    ######.
 Metabolic Englaciation   Hex/Ice        #.........   100%        5    ######.
 Yara's Violent Unravell  Hex/Tmut       #.........   100%        5    ######.
 Hydra Form               Tmut           #.........   100%        6    #######
 Invisibility             Hex            #.......     100%        6    #######
 Statue Form              Tmut/Erth      #........    100%        6    #######
 Dragon Form              Tmut           #.........   100%        7    #######


Dungeon Overview and Level Annotations

Branches:
Dungeon (11/15)            Temple (1/1) D:4            Lair (0/6) D:11
    Orc (2/2) D:11          Sewer (visited)
    Elf: Orc:2

Altars:
Ashenzari
Cheibriados
Dithmenos
Elyvilon
Fedhas
Gozag
Hepliaklqana
Kikubaaqudgha
Makhleb
Nemelex Xobeh
Okawaru
Qazlal
Ru
Sif Muna
Trog
Uskayaw
Vehumet
Wu Jian
Xom
Yredelemnul
Zin
The Shining One
Beogh

Shops:
D:4 !}   D:7 }:=(

Annotations:
Orc:1 1 runed translucent door, astronautguy's ghost, journeyman GrMo


Message History

Items here: ))) [[[
Items here: ))) [[ a +0 flail; a +0 leather armour; a +0 club; a +0 leather armour; a +0 dagger
Items here: ( ))))))))))) [[[[[[ You feel sick.
You are no longer poisoned.
You start resting.
The orc knight is too close now for your liking.
You slash the orc knight!
The orc knight is lightly wounded.
The orc knight hits you but does no damage.
You closely miss the orc knight.
The orc knight is lightly wounded.
You hit the orc knight.
The orc knight is moderately wounded.
The orc knight hits you with a +0 battleaxe!
* * * LOW HITPOINT WARNING * * *
You can now deal lightning-fast blows.
The orc knight hits you with a +0 battleaxe!!
You die...

............##.............#
............##....#o..#....#
............###...........#
...........## #...#..)#...#
..........#.# ##.........##
............# #..#)).#..#
............# ##.).....##
...........########)).###
.....)......#...@#))...#
...#........#...[oo)..##
.......#.....)...#)..##
...##......#.#..##...#
....#.......)..####.##
##.#...##.......# ###
#...###).....##
##..##......##
#........#...#


You could see an orc knight and an orc warrior.

Vanquished Creatures
  Snorg (D:11)
  A hydra (D:8)
  2 centaur warriors (D:8)
  2 two-headed ogres
  2 orc high priests (Orc:2)
  Urug (Orc:1)
  Sonja (D:10)
  3 skeletal warriors
  Pikel (D:5)
  4 orc knights
  2 orc sorcerers
  Maggie (D:7)
  Joseph (D:8)
  The ghost of Lidrolic the Chopper, a novice HuFi (D:4)
  A redback zombie (D:11)
  3 trolls
  3 hornets
  Grinder (D:3)
  A wyvern (D:10)
  4 yaks
  A wraith (D:8)
  The ghost of porcors the Skirmisher, an amateur DrGl of Hepliaklqana (D:3)
  A steam dragon (D:9)
  2 wargs (Orc:1)
  25 orc warriors
  2 soldier ants (D:9)
  6 ice beasts
  5 sky beasts
  A black bear (D:6)
  13 ogres
  A phantom (D:7)
  2 centaurs
  6 big kobolds
  4 bullfrogs
  2 gnoll sergeants (D:11)
  2 scorpions
  12 killer bees
  3 wights
  A howler monkey (D:5)
  2 bullfrog zombies (D:5)
  6 crimson imps
  8 hounds
  8 jellies
  A quasit (D:6)
  A gnoll shaman (D:6)
  26 orc priests
  4 bullfrog skeletons
  2 centaur skeletons (D:10)
  12 orc wizards
  2 iguanas
  Natasha (thrice) (D:2)
  Terence (D:2)
  16 worker ants
  A hound zombie (D:7)
  2 hound skeletons
  2 worker ant zombies
  13 gnolls
  13 adders
  A river rat (Sewer)
  2 shadow imps
  6 oozes
  An adder zombie (D:7)
  2 adder skeletons (D:4)
  5 worms
  3 dart slugs (D:1)
  6 leopard geckos
  90 orcs
  10 ball pythons
  2 bat zombies (D:8)
  4 giant cockroaches
  8 goblins
  8 hobgoblins
  20 jackals
  8 quokkas
  15 bats
  7 frilled lizards
  A jackal skeleton (D:5)
  31 kobolds
  2 quokka skeletons
  9 rats
  3 rat zombies (D:8)
493 creatures vanquished.

Vanquished Creatures (collateral kills)
  A warg (Orc:1)
  An orc (Orc:1)
2 creatures vanquished.

Vanquished Creatures (others)
  An orc wizard (Orc:1)
  An orc (Orc:1)
2 creatures vanquished.

Grand Total: 497 creatures vanquished

Notes
Turn   | Place    | Note
-------+----------+-------------------------------------------
     0 | D:1      | Delamore the Hill Orc Monk began the quest for the Orb.
     0 | D:1      | Reached XP level 1. HP: 19/19 MP: 1/1
   383 | D:1      | Reached XP level 2. HP: 24/26 MP: 2/2
   396 | D:1      | Reached skill level 5 in Axes
   544 | D:1      | Reached XP level 3. HP: 24/31 MP: 3/3
  1018 | D:1      | Reached skill level 6 in Axes
  1793 | D:2      | Reached XP level 4. HP: 39/39 MP: 4/4
  1807 | D:2      | Noticed Terence
  1835 | D:2      | Killed Terence
  2098 | D:2      | Found a bloodstained altar of Trog.
  2115 | D:2      | Reached skill level 7 in Axes
  2283 | D:2      | Noticed Natasha
  2293 | D:2      | Killed Natasha
  2293 | D:2      | Reached XP level 5. HP: 35/45 MP: 5/5
  2677 | D:2      | Noticed Natasha
  2689 | D:2      | Killed Natasha
  2689 | D:2      | Reached skill level 8 in Axes
  2824 | D:2      | Noticed Natasha
  2839 | D:2      | Killed Natasha
  3445 | D:2      | Reached XP level 6. HP: 51/51 MP: 6/6
  3510 | D:3      | Noticed a sky beast
  3590 | D:2      | Killed a sky beast
  3590 | D:2      | Reached skill level 9 in Axes
  3877 | D:3      | Found an opulent altar of Gozag.
  3903 | D:3      | Found a transporter.
  3906 | D:3      | Found a transporter.
  3906 | D:3      | Noticed porcors's ghost (amateur DrGl)
  3949 | D:3      | Noticed Grinder
  3963 | D:3      | Paralysed by Grinder for 6 turns
  3976 | D:3      | Paralysed by Grinder for 5 turns
  3996 | D:3      | Paralysed by Grinder for 3 turns
  4002 | D:3      | Killed Grinder
  4002 | D:3      | Reached skill level 10 in Axes
  4002 | D:3      | Reached XP level 7. HP: 13/57 MP: 7/7
  4566 | D:3      | Found a snail-covered altar of Cheibriados.
  5397 | D:3      | Killed porcors's ghost
  5397 | D:3      | Reached skill level 11 in Axes
  5515 | D:4      | Found Ojian's Gadget Shoppe.
  5518 | D:4      | Bought a wand of flame (13) for 75 gold pieces
  5587 | D:4      | Found Wylloun's Distillery.
  5592 | D:4      | Bought a potion of might for 56 gold pieces
  5592 | D:4      | Bought a potion of degeneration for 14 gold pieces
  5647 | D:4      | Reached XP level 8. HP: 39/64 MP: 8/8
  5662 | D:4      | Reached skill level 12 in Axes
  5686 | D:5      | Entered Level 5 of the Dungeon
  5968 | D:4      | Found a runed translucent gate.
  5968 | D:4      | Found a runed translucent gate.
  5968 | D:4      | Found an opulent altar of Gozag.
  5968 | D:4      | Found a runed translucent gate.
  5968 | D:4      | Noticed Lidrolic's ghost (novice HuFi)
  6030 | D:4      | Killed Lidrolic's ghost
  6030 | D:4      | Reached skill level 13 in Axes
  6326 | D:4      | Found a staircase to the Ecumenical Temple.
  6467 | Temple   | Entered the Ecumenical Temple
  6508 | Temple   | Became a worshipper of Warmaster Okawaru
  6508 | Temple   | Reached * piety under Okawaru
  6508 | Temple   | Reached ** piety under Okawaru
  6714 | D:4      | Found a shadowy altar of Dithmenos.
  7138 | D:5      | Reached skill level 14 in Axes
  7168 | D:5      | Found a shattered altar of Ashenzari.
  7332 | D:5      | Reached XP level 9. HP: 45/70 MP: 9/9
  8229 | D:5      | Reached skill level 15 in Axes
  8246 | D:5      | Found a burning altar of Makhleb.
  8253 | D:5      | Found a glowing silver altar of Zin.
  8253 | D:5      | Noticed an angel
  8254 | D:5      | Noticed a balrug
  8808 | D:5      | Noticed Pikel
  8852 | D:5      | Killed Pikel
  8852 | D:5      | Reached *** piety under Okawaru
  8852 | D:5      | Reached skill level 16 in Axes
  9253 | D:6      | Found an ornate altar of the Wu Jian Council.
  9355 | D:6      | Found a glowing drain.
  9390 | Sewer    | Entered a sewer
 10027 | D:6      | Reached **** piety under Okawaru
 10427 | D:6      | Reached XP level 10. HP: 66/77 MP: 10/10
 10839 | D:6      | Reached skill level 17 in Axes
 10965 | D:6      | Found a white marble altar of Elyvilon.
 11625 | D:6      | Found a sparkling altar of Nemelex Xobeh.
 11966 | D:7      | Found Wuism's Jewellery Shop.
 12004 | D:7      | Noticed Maggie
 12035 | D:7      | Killed Maggie
 12297 | D:7      | Found Ivuy's Weapon Shop.
 12405 | D:7      | Found Coetuj's Book Shop.
 12445 | D:7      | Found Ygunevis's Gadget Boutique.
 12910 | D:8      | Reached skill level 5 in Fighting
 13039 | D:8      | Noticed a two-headed ogre
 13039 | D:8      | Noticed a centaur warrior
 13082 | D:8      | Killed a centaur warrior
 13084 | D:8      | Reached ***** piety under Okawaru
 13785 | D:8      | Found an ancient bone altar of Kikubaaqudgha.
 13885 | D:8      | Noticed a seven-headed hydra
 13892 | D:8      | Noticed a centaur warrior
 13898 | D:8      | Killed a seven-headed hydra
 13898 | D:8      | Reached XP level 11. HP: 66/99 MP: 11/11
 13902 | D:8      | Killed a centaur warrior
 13902 | D:8      | Reached skill level 10 in Fighting
 14356 | D:8      | Got a fine leather armour
 14367 | D:8      | Identified the +2 leather armour of Potionn {Dex+4} (You
                  | found it on level 8 of the Dungeon)
 14399 | D:8      | Noticed Joseph
 14416 | D:8      | Killed Joseph
 14570 | D:8      | Noticed a two-headed ogre
 14585 | D:8      | Killed a two-headed ogre
 14585 | D:8      | Received a gift from Okawaru
 15184 | D:9      | Found a blossoming altar of Fedhas.
 15823 | D:9      | Found a roughly hewn altar of Beogh.
 15912 | D:10     | Entered Level 10 of the Dungeon
 16664 | D:7      | Bought the ring "Fuagil" {MR++ SInv Stlth+} for 332 gold
                  | pieces
 17135 | D:10     | Found a glowing silver altar of Zin.
 17406 | D:10     | Noticed Sonja
 17409 | D:10     | Killed Sonja
 17720 | D:10     | Reached ****** piety under Okawaru
 17720 | D:10     | Received a gift from Okawaru
 17884 | D:11     | Found a staircase to the Orcish Mines.
 17902 | D:11     | Reached XP level 12. HP: 63/118 MP: 12/12
 18305 | D:11     | Found a staircase to the Lair.
 18378 | D:10     | HP: 1/177 [skeletal warrior/+0 short sword (11)]
 18791 | D:10     | Reached skill level 15 in Fighting
 20652 | D:10     | Reached skill level 1 in Armour
 21517 | Orc:1    | Entered Level 1 of the Orcish Mines
 21517 | Orc:1    | Noticed Urug
 21538 | Orc:1    | Found a runed translucent door.
 21551 | Orc:1    | Noticed Snorg
 22120 | D:11     | Killed Snorg
 22517 | Orc:1    | Killed Urug
 22517 | Orc:1    | Reached skill level 5 in Armour
 23047 | Orc:1    | Found a roughly hewn altar of Beogh.
 23214 | Orc:1    | Noticed a two-headed ogre
 23220 | Orc:1    | Killed a two-headed ogre
 23256 | Orc:1    | Noticed astronautguy's ghost (journeyman GrMo)
 23519 | Orc:2    | Entered Level 2 of the Orcish Mines
 23541 | Orc:2    | Reached skill level 1 in Invocations
 23768 | Orc:2    | Reached skill level 1 in Evocations
 24381 | Orc:2    | Noticed an orc high priest
 24399 | Orc:2    | Killed an orc high priest
 24556 | Orc:2    | Reached XP level 13. HP: 58/127 MP: 15/15
 25007 | Orc:2    | Slain by an orc knight

Illustrated notes

Levels and vault maps discovered:
D:1:      evilmike_arrival_crescent, layout_basic
D:2:      layout_basic, bloody_trog, uniq_terence, uniq_natasha
D:3:      kennysheep_six_static_rooms, layout_basic, grunt_gozag_breadcrumbs,
          cheibriados_altar_1, first_ration, gammafunk_ghost_arena, uniq_grinder
D:4:      layout_loops_ring, lemuel_crystal_altar, minmay_temple_entry_poolview,
          ebering_ghost_gozag, serial_shops, kennysheep_little_box,
          kennysheep_mini_moat, minmay_quantized
D:5:      layout_loops_cross, marbit_many_paths,
          grunt_temple_overflow_order_and_chaos_2, uniq_pikel
D:6:      layout_layer_cave, nicolae_overflow_crystal_walls,
          lemuel_coloured_pillars_altar, nicolae_overflow_hidden_temple,
          cheibrodos_sewer_entry_bend
D:7:      layout_cave_pools, serial_shops, kennysheep_mini, shop, shop,
          shop_statue, minmay_unpleasant_kobolds, uniq_maggie
D:8:      minmay_the_grid_plus_closed [minmay_the_grid_fan,
          minmay_the_grid_tiny_cups, minmay_the_grid_gridbox,
          minmay_the_grid_plusring, minmay_the_grid_prize_four_corners],
          layout_gridville, lemuel_zombie_altar_kikubaaqudgha, uniq_joseph
D:9:      layout_basic, old_standard_altar, special_room [special_room_orc],
          hangedman_pestilent_swarm
D:10:     layout_roguey, basic_altar, uniq_sonja
D:11:     layout_long_grid, lair_entry_dummy,
          kennysheep_orc_monster_closet_entryway, lightli_orcish_oven
Temple:   cyrus_temple_forest
Orc:1:    layout_caves, basic_altar, ebering_ghost_inner_flame, uniq_snorg,
          uniq_urug, uniq_harold
Orc:2:    st_orc_pillars, layout_caves

Skill      XL: |  1  2  3  4  5  6  7  8  9 10 11 12 13 |
---------------+----------------------------------------+-----
Axes           | 5 6 7 8 10 11 14 16 17 | 17.7
Fighting       | 9 14 15 | 15.4
Armour         | 8 9 |  9.3
Invocations    | 3 4 |  4.3
Evocations     | 2 3 |  3.1
Dodging        | |  2.4
Stealth        | |  1.5

Action                   |  1- 3 |  4- 6 |  7- 9 | 10-12 | 13-15 || total
-------------------------+-------+-------+-------+-------+-------++-------
Melee: Hand axe          |   131 |   249 |   799 |   154 |       ||  1333
       War axe           |       |       |       |   860 |    77 ||   937
Throw: Boomerang         |       |       |       |     4 |       ||     4
       Dart              |       |       |       |    15 |       ||    15
Invok: Heroism           |       |       |       |     6 |       ||     6
       Finesse           |       |       |       |     8 |     1 ||     9
Evoke: Wand              |       |       |     5 |    33 |       ||    38
  Use: Potion            |       |     4 |     4 |     8 |       ||    16
       Scroll            |       |       |    15 |    10 |       ||    25
 Stab: Distracted        |     1 |       |     1 |     1 |       ||     3
       Sleeping          |       |       |       |    11 |       ||    11
  Eat: Chunk             |     3 |     7 |    21 |    31 |     1 ||    63
       Ration            |       |       |       |     4 |       ||     4
Armor: Robe              |    22 |       |       |       |       ||    22
       Scale mail        |    12 |    97 |   202 |    54 |       ||   365
       Skin              |       |       |    11 |       |       ||    11
       Steam dragon scal |       |       |       |   251 |    14 ||   265
Dodge: Dodged            |    93 |   111 |   244 |   494 |    15 ||   957
       Repelled          |       |       |       |     6 |     4 ||    10
Block: Buckler           |       |       |    39 |   132 |     3 ||   174
